 Dungeon Crawl Stone Soup version 0.27-a0-1149-g4505690ab0 (webtiles) character file.

Game seed: 18203713174446412144

466 Azzok the Chopper (level 7, -1/52 HPs)
             Began as a Formicid Fighter on May 13, 2021.
             Slain by an orc priest
             ... wielding a +0 whip
              (4 damage)
             ... on level 4 of the Dungeon.
             The game lasted 00:03:33 (3927 turns).

Azzok the Chopper (Formicid Fighter)                Turns: 3927, Time: 00:03:34

Health: -1/52      AC: 13    Str: 23    XL:     7   Next: 30%
Magic:  7/7        EV:  5    Int:  7    God:
Gold:   113        SH:  9    Dex: 10    Spells: 6/6 levels left

rFire    . . .     SeeInvis +   s - +2 quarterstaff (chaos)
rCold    . . .     Faith    .   c - +0 kite shield
rNeg     . . .     Spirit   .   m - +0 plate armour
rPois    .         Reflect  .   (helmet unavailable)
rElec    .         Harm     .   t - +0 cloak
rCorr    .         Rampage  .   q - +0 pair of gloves
Will     .....                  (no boots)
Stlth    ..........             (no amulet)
HPRegen  0.17/turn              (no ring)
MPRegen  0.10/turn              (no ring)

@: no status effects
A: permanent stasis, dig shafts and tunnels, antennae 3, four strong arms
a: Dig, Shaft Self


You were on level 4 of the Dungeon.
You visited 1 branch of the dungeon, and saw 4 of its levels.

You collected 113 gold pieces.

Inventory:

Hand Weapons
 a - a +0 war axe
 p - a +2 vorpal halberd
 s - a +2 quarterstaff of chaos (weapon)
Armour
 c - a +0 kite shield (worn)
 m - a +0 plate armour (worn)
 q - a +0 pair of gloves (worn)
 t - a +0 cloak (worn)
Jewellery
 i - a ring of protection from cold
Wands
 n - a wand of charming (8)
 r - a wand of flame (12)
Scrolls
 b - a scroll of identify {unknown}
 e - 3 scrolls of teleportation {unknown}
 g - a scroll of vulnerability {unknown}
 h - 3 scrolls of magic mapping {unknown}
 j - a scroll of noise {unknown}
 l - a scroll of blinking {unknown}
Potions
 d - a potion of might
 f - 3 potions of lignification {unknown}
 k - a potion of magic {unknown}
 o - 3 potions of mutation {unknown}


   Skills:
 - Level 3.2 Fighting
 + Level 7.2 Axes
 - Level 3.2 Armour
 + Level 4.2 Shields


You had 6 spell levels left.
You didn't know any spells.
Your spell library was empty.

Dungeon Overview and Level Annotations

Branches:
Dungeon (4/15)
 Temple: D:4-7

Altars:

Shops:
D:1 *(:=[


Innate Abilities, Weirdness & Mutations

You cannot be hasted, slowed, berserked, paralysed or teleported.
You can dig through walls and to a lower floor.
You have a pair of large antennae on your head. (SInv)
Your four strong arms can wield two-handed weapons with a shield.


Message History

An orc priest comes into view. It is wielding a +0 trident.
The orc priest shouts!
You hear a shout!
An orc wizard comes into view. It is wielding a +0 dagger.
You sock the orc! You burn the orc.
You kill the orc!
The orc priest mumbles some strange prayers to Beogh against you.
Beogh smites you!
An orc priest comes into view. It is wielding a +0 whip.
The orc wizard casts a spell at itself.
The orc wizard flickers and vanishes for a moment.
You block the orc priest's attack.
Things that are here:
a +0 mace; an orc corpse You hit the orc priest.
The orc priest is moderately wounded.
The orc priest casts a cantrip, but nothing happens.
The orc priest hits you but does no damage.
The orc priest calls upon Beogh to heal the orc priest.
The orc priest's wounds heal themselves!
You closely miss the orc priest.
The orc priest hits you but does no damage.
The orc priest mumbles some strange prayers to Beogh against you.
Beogh smites you!
The orc priest calls down the wrath of Beogh upon you.
Beogh smites you!
* * * LOW HITPOINT WARNING * * *
You closely miss the orc priest.
The orc priest invokes the aid of Beogh against you.
Beogh smites you!
* * * LOW HITPOINT WARNING * * *
The orc priest looks braver for a moment.
You sock the orc priest! You freeze the orc priest.
The orc priest is almost dead.
The orc priest hits you with a +0 trident.
* * * LOW HITPOINT WARNING * * *
You block the orc priest's attack.
You hit the orc priest.
You kill the orc priest!
The orc priest hits you with a +0 whip.
You die...

▒▒·▒·· ▒ ······▒▒▒
····▒··· ···▒·· ▒···· ··
·o· ▒▒·▒ ▒o▒ ▒ ▒···▒▒
▒@▒▒ ·▒ ▒· ▒·····▒▒··▒
····
▒▒···▒········▒▒···(▒
▒▒··▒······▒▒·········
▒·▒·▒·················
·······▒·············
·▒▒▒▒····▒▒··▒▒······▒·▒
·>·······▒▒·······▒▒▒▒ ▒
·········▒▒·····▒▒▒


You could see an orc priest and an orc wizard (invisible).

Vanquished Creatures
  Sigmund (D:3)
  A black bear (D:4)
  An orc priest (D:4)
  Crazy Yiuf (D:3)
  Natasha (thrice) (D:3)
  5 adders
  3 gnolls
  A dart slug (D:3)
  An orc (D:4)
  4 bats
  5 endoplasms
  A giant cockroach (D:1)
  3 goblins
  7 hobgoblins
  7 jackals
  6 kobolds
  2 ball pythons (D:2)
  5 frilled lizards
  7 rats
64 creatures vanquished.

Notes
Turn   | Place    | Note
-------+----------+-------------------------------------------
     0 | D:1      | Azzok the Formicid Fighter began the quest for the Orb.
     0 | D:1      | Reached XP level 1. HP: 18/18 MP: 1/1
    50 | D:1      | Found Jythrynob's Book Emporium.
    89 | D:1      | Found Sizxuzo's Antique Armour Shoppe.
   125 | D:1      | Reached XP level 2. HP: 21/24 MP: 2/2
   238 | D:1      | Found Uraskose's Weapon Shop.
   317 | D:1      | Found Yteely's Assorted Antiques.
   478 | D:1      | Found Naocul's Jewellery Shoppe.
   558 | D:1      | Reached skill level 3 in Axes
  1065 | D:2      | Reached XP level 3. HP: 28/29 MP: 3/3
  2111 | D:3      | Noticed Natasha
  2115 | D:3      | Reached skill level 4 in Axes
  2115 | D:3      | Reached XP level 4. HP: 35/35 MP: 4/4
  2118 | D:3      | Killed Natasha
  2439 | D:3      | Reached XP level 5. HP: 41/41 MP: 5/5
  2462 | D:3      | Noticed Sigmund
  2494 | D:3      | Killed Sigmund
  2495 | D:3      | Reached skill level 6 in Axes
  2495 | D:3      | Reached XP level 6. HP: 26/47 MP: 6/6
  2546 | D:3      | Noticed Natasha
  2637 | D:3      | Killed Natasha
  2677 | D:3      | Noticed Natasha
  2684 | D:3      | Killed Natasha
  3265 | D:3      | Found a runed translucent door.
  3266 | D:3      | Noticed Crazy Yiuf
  3511 | D:3      | Killed Crazy Yiuf
  3512 | D:3      | Reached XP level 7. HP: 19/52 MP: 7/7
  3764 | D:4      | Reached skill level 7 in Axes
  3927 | D:4      | Slain by an orc priest

Illustrated notes

Levels and vault maps discovered:
D:1:      psy_arrival_radial02, layout_loops_ring, serial_shops, shop, shop,
          shop, nicolae_shop_crystal, shop
D:2:      layout_basic
D:3:      layout_loops_ring, chequers_serial_rivers_large_a, minivault_5,
          minmay_crystal_room, uniq_crazy_yiuf_cottage, uniq_sigmund,
          uniq_natasha
D:4:      layout_cave_pools, serial_bayou_pond_a, hangedman_abyss_or_decor_stabs

Skill      XL: |  1  2  3  4  5  6  7 |
---------------+----------------------+-----
Axes           | 3 4 6 7 |  7.2
Shields        | 4 |  4.2
Fighting       | |  3.2
Armour         | |  3.2

Action                   |  1- 3 |  4- 6 |  7- 9 || total
-------------------------+-------+-------+-------++-------
Melee: War axe           |   111 |    78 |       ||   189
       Halberd           |       |    21 |       ||    21
       Quarterstaff      |       |       |    13 ||    13
Armor: Scale mail        |    64 |     3 |       ||    67
       Plate armour      |       |    50 |    10 ||    60
Dodge: Dodged            |    54 |    38 |     2 ||    94
Block: Kite shield       |       |       |     5 ||     5

Table legend: (Time is in decaauts)
 A = Elapsed time spent in this place.
 B = Non-inter-level travel time spent in this place.
 C = Inter-level travel time spent in this place.
 D = Time resting spent in this place.
 E = Time spent auto-exploring this place.
 F = Levels seen in this place.
 G = Mean time per level.
                   A        B        C        D        E       F      G
               +--------+--------+--------+--------+--------+-----+--------+
         Total |   4018 |   3924 |     94 |    355 |   2882 |   4 | 1004.5 |
       Dungeon |   4018 |   3924 |     94 |    355 |   2882 |   4 | 1004.5 |
               +--------+--------+--------+--------+--------+-----+--------+

Top non-repeatable levels by time:
     D:3: 1715 daAuts
     D:2: 1098 daAuts
     D:1: 1025 daAuts
     D:4: 179 daAuts
